Map: Paladino Terminal LE

Players

Misaki - Winner!

  • Race: Zerg Zerg
  • League: Diamond
  • Spawn Location: 5:00

A.I. 1 (Very Easy)

  • Race: Terran Terran
  • Spawn Location: 9:00

VOD

Have the link to the VOD?

Description

This replay is to show the Build Order "1 base ling drop".

Time

  • Played on: April 22, 2017, 12:21 p.m.
  • Length: 3:32
Show
View Real Time Build Order
Export as new Build Order

Misaki Zerg - Winner!

Build Orders: Pool Only 

Get SALT Encoding   

  12  0:01  Drone  
  13  0:08  Drone  
  14  0:27  Spawning Pool  
  13  0:29  Drone  
  13  0:32  Extractor  
  13  0:37  Drone  
  14  0:46  Overlord  
  14  1:14  Zergling x6  
  14  1:16  Queen  
  19  1:26  Evolution Chamber  
  18  1:34  Metabolic Boost  
  18  1:42  Overlord  
  18  1:46  Zergling x2  
  19  2:00  Zergling x2  
  19  2:01  Zergling x2  
  21  2:15  Zergling x2  
  22  2:32  Zergling x2  
  22  2:33  Zergling x2  
  23  2:53  Zergling x6  
Show
View Real Time Build Order
Export as new Build Order

A.I. 1 (Very Easy) Terran 

Build Orders:  

Get SALT Encoding   

  12  0:00  SCV  
  13  0:13  SCV  
  14  0:20  Supply Depot  
  14  0:37  Refinery  
  14  0:48  Barracks  
  14  1:05  Supply Depot  
  14  1:12  Refinery  
  14  1:34  Orbital Command  
  14  1:37  Marine  
  15  1:57  Barracks Tech Lab  
  15  1:59  SCV  
  16  2:11  SCV  
  17  2:23  Marine  
  17  2:24  SCV  
  19  2:36  SCV  
  20  2:48  SCV  
  21  2:52  Supply Depot, Marine  
  20  3:00  SCV  
  15  3:12  SCV  
Tags
 
Add a new tag
Caveats
  • Supply blocks, unpowered buildings, or Contaminate may cause inaccurate times.
  • Supply counts are checked every 10 seconds.